 Dungeon Crawl Stone Soup version 0.31-a0-636-ge1c0e020e0 (webtiles) character file.

Game seed: 18190943892257914112

205 Descartes the Changeling (level 5, -2/35 HPs)
             Began as an Octopode Shapeshifter on Aug 26, 2023.
             Killed from afar by Natasha (7 damage)
             ... with a magic dart
             ... on level 3 of the Dungeon.
             The game lasted 00:05:07 (2127 turns).

Descartes the Changeling (Octopode Shapeshifter)    Turns: 2127, Time: 00:05:08

Health: -2/35      AC:  1    Str: 15    XL:     5   Next: 83%
Magic:  5/5        EV: 13    Int: 12    God:
Gold:   105        SH:  0    Dex: 12    Spells: 4/4 levels left

rFire   . .          .
                       - Unarmed
rCold   . . .        (no shield)
rNeg    . . .        (helmet currently unavailable)
rPois   .            (no amulet)
rElec   .            (no ring)
rCorr   .            (no ring)
SInv    .            (no ring)
Will    .....        (no ring)
Stlth   ++           (no ring)
HPRegen 0.25/turn    (no ring)
MPRegen 0.09/turn    (no ring)
                     (no ring)

%: no passive effects
@: beast-form
A: beast (slay +2), almost no armour, amphibious, 8 rings, camouflage 1,
gelatinous body 1, (nimble swimmer 1), tentacles
a: Begin Untransformation


You were on level 3 of the Dungeon.
You were a hulking beast.
You visited 1 branch of the dungeon, and saw 3 of its levels.

You collected 105 gold pieces.

Inventory:

Talismans
 b - a beast talisman (active)
 c - a flux talisman
 j - a maw talisman
 m - a serpent talisman
 o - a flux talisman
Scrolls
 d - a scroll of silence {unknown}
 e - 2 scrolls of identify {unknown}
 g - 2 scrolls of teleportation {unknown}
 k - 3 scrolls of fear {unknown}
 l - a scroll of vulnerability {unknown}
 n - a scroll of enchant weapon {unknown}
Potions
 a - a potion of lignification
 h - a potion of degeneration {unknown}
 i - a potion of heal wounds {unknown}


   Skills:
 + Level 2.7 Fighting
 + Level 3.1 Dodging
 + Level 3.9 Unarmed Combat
 * Level 4.1 Shapeshifting


You had 4 spell levels left.
You didn't know any spells.
Your spell library was empty.

Dungeon Overview and Level Annotations

Branches:
Dungeon (3/15)

Altars:
Nemelex Xobeh

Shops:
D:2 [   D:3 *

Annotations:
D:3 Natasha


Innate Abilities, Weirdness & Mutations

You are a hulking beast.
Your limbs bulge with bestial killing power. (Slay +2)
You cannot wear most types of armour.
You are amphibious.
You can wear up to eight rings at the same time.
Your skin changes colour to match your surroundings (Stealth+).
Your rubbery body absorbs attacks. (AC +1, EV +1)
((You are camouflaged when in or above water. (Stealth+)))
You have tentacles for arms and can constrict up to eight enemies at once.


Message History

You constrict Ijyb, but do no damage.
You tentacle-slap Ijyb but do no damage.
You squeeze Ijyb.
Ijyb is heavily wounded.
You constrict Ijyb, but do no damage. Ijyb hits you with a +0 club.
You tentacle-slap Ijyb but do no damage.
Ijyb is heavily wounded.
You constrict Ijyb, but do no damage.
Ijyb screams, "Get away!"
Ijyb hits you with a +0 club!
* * * LOW HITPOINT WARNING * * *
Unknown command.
You tentacle-slap Ijyb but do no damage.
Ijyb is heavily wounded.
You constrict Ijyb. Ijyb barely misses you.
Unknown command.
You tentacle-slap Ijyb but do no damage.
Ijyb is severely wounded.
You constrict Ijyb. Ijyb hits you with a +0 club.
* * * LOW HITPOINT WARNING * * *
Unknown command.
It was a potion of magic.
Magic courses through your body.
You constrict Ijyb. Ijyb hits you with a +0 club.
* * * LOW HITPOINT WARNING * * *
Natasha, Servant of Life and Death comes into view.
Natasha hisses angrily.
You tentacle-slap Ijyb.
Ijyb is almost dead.
You constrict Ijyb. Ijyb closely misses you.
Natasha wildly gestures.
Natasha glows brightly for a moment.
You tentacle-slap Ijyb.
You kill Ijyb!
Natasha casts a spell.
Natasha wildly gestures.
You feel troubled. Natasha casts a spell at you. The magic dart hits you!
You die...
Natasha begins licking her fur clean.

####### #########
).....#### #.......# ##
.........# #####.......#
... .........#
###...........# ...
.........##..+...!.......'
...
............##..h........#
...
#####.###.####....)......#
... #.###.# #####.......#
... #.#...########......5#
### #..................h.#
# #.##..................
..
####.##........)..#####..
.. +....##...........# .
.. ##................# ..


You could see Natasha.

Vanquished Creatures
  Terence (D:3)
  Ijyb (D:3)
  Natasha (D:3)
  3 gnolls (D:3)
  2 adders (D:2)
  A worm (D:2)
  2 dart slugs (D:1)
  2 orcs (D:3)
  3 ball pythons (D:1)
  9 endoplasms
  A giant cockroach (D:1)
  4 goblins
  4 hobgoblins
  11 jackals
  11 kobolds
  A quokka (D:1)
  5 bats
  3 frilled lizards
  5 rats
70 creatures vanquished.

Notes
Turn   | Place    | Note
-------+----------+-------------------------------------------
     0 | D:1      | Descartes the Octopode Shapeshifter began the quest for the
                  | Orb.
     0 | D:1      | Reached XP level 1. HP: 13/13 MP: 1/1
    85 | D:1      | Reached XP level 2. HP: 17/18 MP: 2/2
   311 | D:1      | Reached XP level 3. HP: 23/23 MP: 3/3
   889 | D:2      | Found a sparkling altar of Nemelex Xobeh.
   990 | D:2      | Reached XP level 4. HP: 24/29 MP: 4/4
  1208 | D:2      | Found Taaskig's Antique Armour Shop.
  1791 | D:3      | Noticed Terence
  1803 | D:3      | Killed Terence
  1804 | D:3      | Reached XP level 5. HP: 17/35 MP: 5/5
  1922 | D:3      | Found Fiovytex's General Store.
  2108 | D:3      | Noticed Ijyb
  2110 | D:3      | Noticed Natasha
  2115 | D:3      | Killed Natasha
  2116 | D:3      | Reached skill level 4 in Shapeshifting
  2123 | D:3      | Noticed Natasha
  2125 | D:3      | Killed Ijyb
  2127 | D:3      | Killed from afar by Natasha

Illustrated notes

Levels and vault maps discovered:
D:1:      dpeg_arrival_windows_large_door, layout_loops_ring, solitary_fountain,
          minmay_hexomino_p4
D:2:      layout_basic, basic_altar, serial_shops, shop, hangedman_decor_lopped,
          nicolae_concentric_dashed_squares_wild, kennysheep_generic_room_11
D:3:      layout_basic, serial_shops, nicolae_shop_crystal, shop_statue,
          minmay_misc_feat_nine_boxes, uniq_ijyb, uniq_natasha,
          uniq_crazy_yiuf_cottage, uniq_terence

Skill      XL: |  1  2  3  4  5 |
---------------+----------------+-----
Fighting       | 2 |  2.7
Dodging        | 3 |  3.1
Shapeshifting  | 4 |  4.1
Unarmed Combat | |  3.9

Action                     |  1- 3 |  4- 6 || total
---------------------------+-------+-------++-------
  Melee: Unarmed           |    79 |    70 ||   149
         Tentacles         |    14 |    13 ||    27
         Constrict         |    17 |    13 ||    30
         Punch             |       |     6 ||     6
    Use: Potion            |       |     1 ||     1
   Stab: Sleeping          |     8 |     4 ||    12
 Armour: Skin              |     4 |     1 ||     5
  Dodge: Dodged            |    51 |    38 ||    89

Table legend: (Time is in decaauts)
 A = Elapsed time spent in this place.
 B = Non-inter-level travel time spent in this place.
 C = Inter-level travel time spent in this place.
 D = Time resting spent in this place.
 E = Time spent auto-exploring this place.
 F = Levels seen in this place.
 G = Mean time per level.
                   A        B        C        D        E       F      G
               +--------+--------+--------+--------+--------+-----+--------+
         Total |   2116 |   2094 |     22 |      0 |   1686 |   3 |  705.3 |
       Dungeon |   2116 |   2094 |     22 |      0 |   1686 |   3 |  705.3 |
               +--------+--------+--------+--------+--------+-----+--------+

Top non-repeatable levels by time:
     D:2: 927 daAuts
     D:1: 769 daAuts
     D:3: 420 daAuts
